 Dungeon Crawl Stone Soup version 0.31-a0-435-g2c6fae2916 (webtiles) character file.

Game seed: 7088293082212857069

1183 Ethylacetat the Insei (level 8, 0/44 HPs)
             Began as a Vine Stalker Monk on Aug 1, 2023.
             Was an Elder of Uskayaw.
             Slain by an orc
             ... wielding a +0 flail
              (5 damage)
             ... on level 6 of the Dungeon.
             The game lasted 00:11:23 (3892 turns).

Ethylacetat the Insei (Vine Stalker Monk)           Turns: 3892, Time: 00:11:24

Health: 0/44       AC: 12    Str: 20    XL:     8   Next: 42%
Magic:  0/12       EV:  7    Int: 10    God:    Uskayaw [****..]
Gold:   256        SH:  5    Dex: 19    Spells: 7/7 levels left

rFire   . . .        f - +4 whip
rCold   . . .        c - orb {light}
rNeg    . . .        l - +0 plate armour
rPois   .            y - +2 hat
rElec   .            (no cloak)
rCorr   .            (no gloves)
SInv    .            (no boots)
Will    +....        h - amulet of reflection Stlth
                     z - +6 ring of strength
HPRegen 1.07/turn    (no ring)
MPRegen 0.13/turn

%: reflection, guardian spirit
@: glowing
A: fangs 3, regeneration 1, magic shield, antimagic bite, no potion heal 2
a: Renounce Religion, Stomp, Line Pass


You were on level 6 of the Dungeon.
You worshipped Uskayaw.
Uskayaw was noncommittal.
You visited 2 branches of the dungeon, and saw 7 of its levels.

You collected 256 gold pieces.

Inventory:

Hand Weapons
 f - a +4 whip (weapon)
Missiles
 t - a throwing net
 A - 3 poisoned darts (quivered)
Armour
 c - an orb of light (worn)
 l - a +0 plate armour (worn)
 y - a +2 hat (worn)
Jewellery
 h - an amulet of reflection (around neck)
 z - a +6 ring of strength (left hand)
Wands
 B - a wand of mindburst (21)
Scrolls
 d - 2 scrolls of poison {unknown}
 k - 5 scrolls of identify {unknown}
 m - 2 scrolls of amnesia {unknown}
 n - 3 scrolls of fog {unknown}
 q - a scroll of revelation {unknown}
 r - 2 scrolls of teleportation {unknown}
 s - a scroll of enchant armour {unknown}
 u - a scroll of vulnerability {unknown}
 x - 4 scrolls of fear {unknown}
Potions
 a - 2 potions of enlightenment {unknown}
 e - 2 potions of might {unknown}
 g - 3 potions of curing {unknown}
 i - a potion of mutation {unknown}
 j - 3 potions of attraction {unknown}
 o - a potion of resistance {unknown}
 p - 2 potions of degeneration {unknown}
 v - a potion of invisibility {unknown}
 w - a potion of haste {unknown}


   Skills:
 + Level 5.9 Fighting
 - Level 3.6 Dodging
 + Level 6.3 Unarmed Combat
 + Level 4.2 Invocations


You had 7 spell levels left.
You didn't know any spells.
Your spell library contained the following spells:

 Spells                   Type           Power      Damage    Failure   Level
 Call Canine Familiar     Summ           0%         N/A       100%        3
 Portal Projectile        Hex/Tloc       0%         N/A       100%        3
 Stone Arrow              Conj/Erth      0%         3d7       100%        3
 Vhi's Electric Charge    Tloc/Air       0%         N/A       100%        3
 Animate Armour           Summ/Erth      0%         N/A       100%        4
 Leda's Liquefaction      Hex/Erth       0%         N/A       100%        4
 Arcjolt                  Conj/Air       0%         1d10      100%        5
 Lehudib's Crystal Spear  Conj/Erth      0%         10d2      100%        8
 Maxwell's Capacitive Co  Air            0%         ∞         100%        8


Dungeon Overview and Level Annotations

Branches:
Dungeon (6/15)             Temple (1/1) D:4

Altars:
Cheibriados
Dithmenos
Elyvilon
Fedhas
Gozag
Hepliaklqana
Kikubaaqudgha
Makhleb
Okawaru
Trog
Uskayaw
Vehumet
Wu Jian
Xom
Zin
The Shining One

Shops:
D:4 [


Innate Abilities, Weirdness & Mutations

You have razor-sharp teeth.
Your natural rate of healing is unusually fast.
When hurt, damage is shared between your health and your magic reserves.
Your bite disrupts and absorbs the magic of your enemies.
Potions cannot restore your health.


Message History

You kill the orc wizard!
The orc is no longer sharing its pain. x3
The white imp is no longer sharing its pain.
The white imp hits you but does no damage.
The orc wizard hits you but does no damage.
The orc hits you but does no damage. The orc closely misses you. x2
Uskayaw will force your foes to share their pain.
You completely miss the white imp. Your bite misses the white imp.
The white imp is moderately wounded.
The white imp hits you but does no damage.
The orc wizard casts a spell at you. The puff of flame hits you.
The orc hits you with a +0 hand axe.
* * * LOW HITPOINT WARNING * * *
The orc hits you but does no damage.
You whack the orc wizard!
You kill the orc wizard!
The orc hits you but does no damage. You block the orc's attack. x2
The white imp hits you but does no damage.
The orc barely misses you. The orc hits you with a +0 club.
* * * LOW HITPOINT WARNING * * *
The orc hits you but does no damage. The white imp hits you.
* * * LOW HITPOINT WARNING * * *
The white imp freezes you.
* * * LOW HITPOINT WARNING * * *
The orc hits you but does no damage.
You hit the white imp.
You bite the white imp, but do no damage.
The white imp is severely wounded.
An adder comes into view.
You block the orc's attack.
The white imp falters for a moment.
The orc hits you with a +0 whip.
* * * LOW HITPOINT WARNING * * *
You block the orc's attack. The orc hits you with a +0 hand axe.
* * * LOW HITPOINT WARNING * * *
The adder hisses angrily.
You hit the orc. You bite the orc.
You kill the orc!
The orc closely misses you. You block the orc's attack.
You block the white imp's attack. The orc hits you with a +0 flail!
You die...

....... ..#
.......#..## .
.......#.#..# .#
........#.#..#..#
...............
.............
.......)5oo#
...S...o@)#
.......).##
...#....# .
#..#..### ......#
#..##...#### #.....
##.####.....###.....
#./##.....#..#.....
##...............#
.##................#


You could see an adder, a white imp (magic disrupted) and 3 orcs.

Vanquished Creatures
  Menkaure (D:6)
  Edmund (D:4)
  A black bear (D:6)
  An ogre (D:5)
  A phantom (D:4)
  Blork the orc (D:4)
  A jelly (D:3)
  An orc priest (D:5)
  3 hounds
  3 iguanas
  3 orc wizards
  Natasha (thrice) (D:4)
  A sleepcap (D:4)
  Robin (D:2)
  4 gnolls (D:4)
  8 adders
  A shadow imp (D:5)
  A worm (D:3)
  A dart slug (D:2)
  9 orcs
  4 bats
  7 endoplasms
  6 giant cockroaches
  16 goblins
  9 hobgoblins
  3 jackals (D:2)
  5 quokkas
  4 ball pythons
  2 frilled lizards
  10 kobolds
112 creatures vanquished.

Notes
Turn   | Place    | Note
-------+----------+-------------------------------------------
     0 | D:1      | Ethylacetat the Vine Stalker Monk began the quest for the
                  | Orb.
     0 | D:1      | Reached XP level 1. HP: 11/11 MP: 2/2
   150 | D:1      | Reached XP level 2. HP: 16/16 MP: 3/3
   576 | D:1      | Reached XP level 3. HP: 20/20 MP: 4/4
  1085 | D:2      | Gained mutation: Your natural rate of healing is unusually
                  | fast. [Vine Stalker growth]
  1085 | D:2      | Reached XP level 4. HP: 19/24 MP: 5/5
  1549 | D:3      | Noticed Robin
  1685 | D:3      | Reached skill level 4 in Unarmed Combat
  1688 | D:3      | Reached XP level 5. HP: 23/29 MP: 3/6
  1695 | D:2      | Killed Robin
  2036 | D:4      | Noticed Blork the orc
  2047 | D:4      | Killed Blork the orc
  2048 | D:4      | Reached XP level 6. HP: 33/33 MP: 7/7
  2053 | D:4      | Found a staircase to the Ecumenical Temple.
  2085 | D:4      | Found a glowing golden altar of the Shining One.
  2100 | Temple   | Entered the Ecumenical Temple
  2131 | Temple   | Became a worshipper of Uskayaw the Reveller
  2131 | Temple   | Reached * piety under Uskayaw
  2166 | D:4      | Noticed Edmund
  2168 | D:4      | Reached ** piety under Uskayaw
  2170 | D:4      | Reached *** piety under Uskayaw
  2173 | D:4      | Reached **** piety under Uskayaw
  2178 | D:4      | Killed Edmund
  2179 | D:4      | Reached skill level 1 in Invocations
  2295 | D:4      | Noticed Natasha
  2308 | D:4      | Killed Natasha
  2309 | D:4      | Reached skill level 5 in Unarmed Combat
  2315 | D:4      | Reached ***** piety under Uskayaw
  2316 | D:4      | Reached XP level 7. HP: 34/38 MP: 6/9
  2332 | D:4      | Noticed Natasha
  2407 | D:4      | Killed Natasha
  2555 | D:4      | Found a hazy altar of Hepliaklqana.
  2582 | D:4      | Found a burning altar of Makhleb.
  2685 | D:4      | Noticed Natasha
  2691 | D:4      | Killed Natasha
  2692 | D:4      | Reached skill level 5 in Fighting
  2765 | D:4      | Found Cutemnixt's Armour Emporium.
  2864 | D:5      | Entered Level 5 of the Dungeon
  3232 | D:5      | Found an ancient bone altar of Kikubaaqudgha.
  3348 | D:5      | Gained mutation: You have razor-sharp teeth. [Vine Stalker
                  | growth]
  3348 | D:5      | Reached XP level 8. HP: 33/43 MP: 6/11
  3530 | D:5      | Found an iron altar of Okawaru.
  3735 | D:5      | Reached skill level 6 in Unarmed Combat
  3873 | D:6      | Noticed Menkaure
  3884 | D:6      | Killed Menkaure
  3892 | D:6      | Slain by an orc

Illustrated notes

Levels and vault maps discovered:
D:1:      psy_arrival_fountain, layout_loops_ring, minmay_tiny_reverse_x
D:2:      layout_loops_ring
D:3:      layout_rooms, uniq_robin
D:4:      layout_rooms, mainiacjoe_overflow_catch_the_wave,
          lemuel_crystal_altar, minmay_temple_entry_mist, serial_shops,
          nicolae_take_the_stairs, uniq_natasha, uniq_edmund, uniq_blork_the_orc
D:5:      layout_basic, nicolae_kikubaaqudgha_miasma_corner,
          kennysheep_okawaru_gauntlet, grunt_decor_resistance,
          minmay_misc_feat_rows
D:6:      layout_cave_pools, mainiacjoe_overflow_alcove_4, uniq_menkaure
Temple:   grunt_temple_mini_profane

Skill      XL: |  1  2  3  4  5  6  7  8 |
---------------+-------------------------+-----
Fighting       | 3 4 5 |  5.9
Dodging        | 3 |  3.6
Unarmed Combat | 4 5 6 |  6.3
Invocations    | 2 3 4 |  4.2

Action                     |  1- 3 |  4- 6 |  7- 9 || total
---------------------------+-------+-------+-------++-------
  Melee: Unarmed           |    29 |       |    20 ||    49
         Bite              |    19 |    36 |    62 ||   117
         Whip              |    34 |   119 |   143 ||   296
  Throw: Dart              |       |       |     3 ||     3
   Stab: Paralysed         |       |     2 |     9 ||    11
 Armour: Scale mail        |    26 |       |       ||    26
         Plate armour      |     1 |   131 |    94 ||   226
  Dodge: Dodged            |    23 |    32 |    57 ||   112
  Block: Orb               |     3 |    44 |    38 ||    85
         Reflection        |       |     4 |     1 ||     5
         Other             |       |       |     4 ||     4

Table legend: (Time is in decaauts)
 A = Elapsed time spent in this place.
 B = Non-inter-level travel time spent in this place.
 C = Inter-level travel time spent in this place.
 D = Time resting spent in this place.
 E = Time spent auto-exploring this place.
 F = Levels seen in this place.
 G = Mean time per level.
                   A        B        C        D        E       F      G
               +--------+--------+--------+--------+--------+-----+--------+
         Total |   3920 |   3725 |    195 |    173 |   2731 |   7 |  560.0 |
       Dungeon |   3861 |   3722 |    139 |    173 |   2731 |   6 |  643.5 |
        Temple |     58 |      2 |     56 |      0 |      0 |   1 |   58.0 |
               +--------+--------+--------+--------+--------+-----+--------+

Top non-repeatable levels by time:
     D:5: 979 daAuts
     D:2: 853 daAuts
     D:1: 768 daAuts
     D:4: 753 daAuts
     D:3: 450 daAuts
  Temple: 58 daAuts
     D:6: 55 daAuts
